 Dungeon Crawl Stone Soup version 0.28-a0-563-gf77a47075d (webtiles) character file.

Game seed: 176323328965109891

3261 meatgazer the Fighter (level 10, 0/115 HPs)
             Began as an Ogre Berserker on Sept 29, 2021.
             Was an Elder of Trog.
             Slain by Harold (3 damage)
             ... on level 7 of the Dungeon.
             The game lasted 00:15:29 (11521 turns).

meatgazer the Fighter (Ogre Berserker)             Turns: 11521, Time: 00:15:29

Health: 0/115      AC:  7    Str: 29 (30) XL:     10   Next: 0%
Magic:  0/9        EV: 10    Int: 14 (16) God:    Trog [****..]
Gold:   351        SH:  0    Dex: 10      Spells: 9/9 levels left

rFire   . . .      SeeInvis .   j - +4 war axe
rCold   . . .      Faith    .   (no shield)
rNeg    . . .      Spirit   +   b - +1 animal skin
rPois   .          Reflect  .   (helmet restricted)
rElec   .          Harm     .   e - +2 cloak
rCorr   .          Rampage  .   (gloves unavailable)
Will    +....                   (boots unavailable)
Stlth   +.........              i - amulet of guardian spirit
HPRegen 0.29/turn               f - +6 ring of strength
MPRegen 0.11/turn               p - +6 ring of intelligence

@: marked, on berserk cooldown, slowed, very slow
A: large, unfitting armour, tough skin 1, clever 1, deterioration 1, low mp 1
a: Renounce Religion, Berserk, Trog's Hand, Brothers in Arms


You were on level 7 of the Dungeon.
You worshipped Trog.
Trog was greatly pleased with you.
You visited 1 branch of the dungeon, and saw 7 of its levels.
You also visited: Sewer.

You collected 351 gold pieces.

Inventory:

Hand Weapons
 j - a +4 war axe (weapon)
Armour
 b - a +1 animal skin (worn)
 e - a +2 cloak (worn)
Jewellery
 f - a +6 ring of strength (left hand)
 i - an amulet of guardian spirit (around neck)
 p - a +6 ring of intelligence (right hand)
Wands
 c - a wand of polymorph (4)
 r - a wand of paralysis (9)
Scrolls
 a - a scroll of summoning
 d - a scroll of immolation
 g - a scroll of fear
 m - a scroll of identify
 q - a scroll of blinking
Potions
 h - a potion of flight
 l - a potion of resistance
 n - a potion of haste


   Skills:
 + Level 11.7 Fighting
 + Level 9.0 Axes
 - Level 2.6 Dodging
 + Level 5.4 Evocations


You had 9 spell levels left.
You didn't know any spells.
Your spell library was empty.

Dungeon Overview and Level Annotations

Branches:
Dungeon (7/15)             Temple (0/1) D:4           Sewer (visited)

Altars:
Hepliaklqana
Makhleb
Uskayaw

Shops:
D:6 (

Annotations:
D:7 Harold


Innate Abilities, Weirdness & Mutations

You are too large for most types of armour.
You have tough skin. (AC +1)
Your mind is acute. (Int +2)
Your body sometimes deteriorates upon taking damage.
Your magical capacity is low. (-10% MP)


Message History

Harold is severely wounded.
Harold hits you with a +0 vorpal halberd.
You hit Harold.
Harold is almost dead.
Harold hits you with a +0 vorpal halberd.
Harold points at you and mumbles some strange words.
You barely resist. You hit Harold but do no damage.
Harold is almost dead.
Harold hits you with a +0 vorpal halberd!
You hit Harold.
Harold is almost dead.
Harold hits you with a +0 vorpal halberd!
Harold hits you with a +0 vorpal halberd!!
* * * LOW HITPOINT WARNING * * *
Your body deteriorates!
You feel weakened.
* * * LOW HITPOINT WARNING * * *
You feel much better.
Harold points at you and mumbles some strange words.
The mark upon you grows brighter.
You closely miss Harold.
Harold is almost dead.
Harold points at you and mumbles some strange words.
The mark upon you grows brighter. Harold hits you but does no damage.
You slash Harold!
Harold is almost dead.
Harold hits you with a +0 vorpal halberd.
Harold hits you with a +0 vorpal halberd!
* * * LOW HITPOINT WARNING * * *
Your body deteriorates!
You feel dopey.
* * * LOW HITPOINT WARNING * * *
You hit Harold but do no damage.
Harold is almost dead.
Harold hits you with a +0 vorpal halberd!
* * * LOW HITPOINT WARNING * * *
x2 You hit Harold but do no damage.
Harold is almost dead.
Harold hits you with a +0 vorpal halberd!
* * * LOW HITPOINT WARNING * * *
You die...

######.
.......
#######
### ..#
#.# #>#
###@#
#.#@#
#..# ####
## ##.##
.... ##.#
##.# ####
...###.##
#.#.#.##
#.##..# #
#.....#
##...#
#.#.###


You could see Harold.

Vanquished Creatures
  Pikel (D:6)
  Maggie (D:6)
  Edmund (D:6)
  A water moccasin (D:7)
  Duvessa (D:6)
  A black bear (D:7)
  2 ogres
  A necrophage (D:4)
  5 kobold brigands (Sewer)
  A bullfrog (D:7)
  Dowan (D:6)
  A scorpion (D:4)
  A water moccasin skeleton (D:6)
  8 wights
  A centaur zombie (D:5)
  Crazy Yiuf (D:2)
  5 orc priests
  A jelly (D:7)
  2 hounds (D:6)
  A centaur skeleton (D:7)
  Natasha (D:3)
  An iguana (D:4)
  4 orc wizards
  12 adders
  12 gnolls
  3 river rats (Sewer)
  A white imp (D:6)
  An ufetubus (D:6)
  An adder skeleton (D:2)
  2 worms
  4 dart slugs
  22 orcs
  14 endoplasms
  5 giant cockroaches
  9 hobgoblins
  7 jackals
  6 quokkas
  16 ball pythons
  3 bats
  3 frilled lizards
  2 goblins (D:4)
  8 kobolds
  A quokka skeleton (D:3)
  9 rats
184 creatures vanquished.

Notes
Turn   | Place    | Note
-------+----------+-------------------------------------------
     0 | D:1      | meatgazer the Ogre Berserker began the quest for the Orb.
     0 | D:1      | Reached XP level 1. HP: 24/24 MP: 1/1
   475 | D:1      | Reached XP level 2. HP: 33/33 MP: 2/2
   552 | D:1      | Found a faded altar of an unknown god.
  1075 | D:1      | Reached XP level 3. HP: 38/40 MP: 3/3
  1540 | D:2      | Reached skill level 5 in Fighting
  1726 | D:2      | Found a runed translucent door.
  1727 | D:2      | Noticed Crazy Yiuf
  1734 | D:2      | Killed Crazy Yiuf
  1735 | D:2      | Reached XP level 4. HP: 50/50 MP: 4/4
  2943 | D:3      | Reached ** piety under Trog
  2944 | D:3      | Reached XP level 5. HP: 41/59 MP: 5/5
  2969 | D:3      | Reached skill level 6 in Fighting
  2973 | D:3      | HP: 2/59 [gnoll (4)]
  4200 | D:3      | Noticed Natasha
  4206 | D:3      | Killed Natasha
  4207 | D:3      | Reached skill level 5 in Axes
  4207 | D:3      | Reached XP level 6. HP: 68/68 MP: 6/6
  4453 | D:4      | HP: 3/60 [orc priest/divine providence (15)]
  4455 | D:4      | Reached skill level 7 in Fighting
  5358 | D:4      | Found a staircase to the Ecumenical Temple.
  5663 | D:4      | Found a hide-covered altar of Uskayaw.
  5993 | D:4      | Noticed a necrophage
  6002 | D:4      | Killed a necrophage
  6003 | D:4      | Reached XP level 7. HP: 79/79 MP: 7/7
  6315 | D:5      | Entered Level 5 of the Dungeon
  6348 | D:5      | Reached skill level 8 in Fighting
  6663 | D:5      | Reached skill level 1 in Evocations
  6844 | D:5      | Reached *** piety under Trog
  6920 | D:5      | Found a glowing drain.
  6924 | Sewer    | Entered a sewer
  7691 | Sewer    | Reached XP level 8. HP: 86/89 MP: 8/8
  8145 | Sewer    | Reached skill level 9 in Fighting
  8307 | Sewer    | Gained mutation: Your body sometimes deteriorates upon
                  | taking damage. [potion of mutation]
  8307 | Sewer    | Gained mutation: Your mind is acute. (Int +2) [potion of
                  | mutation]
  8308 | Sewer    | Lost mutation: Your body sometimes deteriorates upon taking
                  | damage. [potion of mutation]
  8308 | Sewer    | Gained mutation: Your body sometimes deteriorates upon
                  | taking damage. [potion of mutation]
  8308 | Sewer    | Gained mutation: Your magical capacity is low. (-10% MP)
                  | [potion of mutation]
  8524 | D:5      | Found a burning altar of Makhleb.
  8648 | D:6      | Found Folad's Antique Weapon Boutique.
  8754 | D:6      | Noticed Edmund
  8767 | D:6      | Killed Edmund
  8891 | D:6      | Reached **** piety under Trog
  8892 | D:6      | Noticed Maggie
  8909 | D:6      | Killed Maggie
  8910 | D:6      | Reached skill level 10 in Fighting
  8910 | D:6      | Reached XP level 9. HP: 76/102 MP: 3/8
  9314 | D:6      | Noticed Pikel
  9321 | D:6      | Killed Pikel
  9655 | D:6      | Noticed Dowan
  9657 | D:6      | Noticed Duvessa
  9666 | D:6      | Killed Duvessa
  9671 | D:6      | Killed Dowan
  9672 | D:6      | Reached skill level 11 in Fighting
  9811 | D:6      | Found a hazy altar of Hepliaklqana.
 10605 | D:7      | Reached skill level 5 in Evocations
 11501 | D:7      | Noticed Harold
 11504 | D:7      | Reached XP level 10. HP: 114/115 MP: 9/9
 11521 | D:7      | HP: 3/115 [Harold (15)]
 11521 | D:7      | Slain by Harold

Illustrated notes

Levels and vault maps discovered:
D:1:      ebering_trefoil_twist, layout_loops_corners,
          hellmonk_ecumenical_altar_blasted
D:2:      minmay_door_path, layout_basic, minmay_misc_feat_roman,
          hangedman_glass_teeth, uniq_crazy_yiuf_cottage
D:3:      layout_basic, st_stairs_13, uniq_natasha
D:4:      layout_basic, nicolae_uskayaw_suspiria, minmay_temple_entry_trees,
          serial_rivers, chequers_serial_rivers_room_a,
          chequers_serial_rivers_micro_a, chequers_serial_rivers_room_b,
          chequers_serial_rivers_small_3, kennysheep_potato
D:5:      layout_gridville, lemuel_doored_altar, portal_sewer_entry_e
D:6:      layout_loops_ring, nzn_hepliaklqana_mist_gate, serial_shops,
          nicolae_stop_n_shop_2, roderic_roman_lattice,
          kennysheep_generic_room_2, uniq_edmund, uniq_duvessa, uniq_pikel,
          uniq_maggie
D:7:      layout_loops_ring, uniq_harold

Skill      XL: |  1  2  3  4  5  6  7  8  9 |
---------------+----------------------------+-----
Fighting       | 5 6 7 8 10 11 | 11.7
Axes           | 4 5 6 7 9 |  9.0
Evocations     | 2 4 5 |  5.4
Dodging        | |  2.6

Action                   |  1- 3 |  4- 6 |  7- 9 | 10-12 || total
-------------------------+-------+-------+-------+-------++-------
Melee: Hand axe          |    68 |   250 |   199 |       ||   517
       War axe           |       |       |   110 |    12 ||   122
Throw: Throwing net      |       |       |     2 |       ||     2
Invok: Berserk           |     1 |     8 |    12 |     1 ||    22
  Use: Scroll            |     3 |     4 |     8 |       ||    15
       Potion            |     2 |     3 |     3 |     1 ||     9
 Stab: Sleeping          |       |     1 |       |       ||     1
Armor: Animal skin       |    12 |    78 |    81 |     1 ||   172
Dodge: Dodged            |    39 |   102 |   135 |     3 ||   279

Table legend: (Time is in decaauts)
 A = Elapsed time spent in this place.
 B = Non-inter-level travel time spent in this place.
 C = Inter-level travel time spent in this place.
 D = Time resting spent in this place.
 E = Time spent auto-exploring this place.
 F = Levels seen in this place.
 G = Mean time per level.
                   A        B        C        D        E       F      G
               +--------+--------+--------+--------+--------+-----+--------+
         Total |  11892 |  11691 |    201 |   4011 |   6303 |   8 | 1486.5 |
       Dungeon |  10340 |  10139 |    201 |   3613 |   5406 |   7 | 1477.1 |
         Sewer |   1551 |   1551 |      0 |    398 |    896 |   1 | 1551.0 |
               +--------+--------+--------+--------+--------+-----+--------+

Top non-repeatable levels by time:
     D:4: 1916 daAuts
     D:2: 1677 daAuts
     D:3: 1598 daAuts
   Sewer: 1551 daAuts
     D:6: 1546 daAuts
     D:7: 1409 daAuts
     D:1: 1231 daAuts
     D:5: 961 daAuts
